 Dungeon Crawl Stone Soup version 0.31-a0-182-gc5ef74bbde (webtiles) character file.

Game seed: 5304260253389424909

10317 qw the Cleaver (level 11, -3/72 HPs)
             Began as a Gargoyle Fighter on June 20, 2023.
             Slain by Snorg (9 damage)
             ... on level 10 of the Dungeon.
             The game lasted 00:04:44 (9573 turns).

qw the Cleaver (Gargoyle Fighter)                   Turns: 9573, Time: 00:04:44

Health: -3/72      AC: 40    Str: 31    XL:     11   Next: 60%
Magic:  11/11      EV:  8    Int: 11    God:
Gold:   569        SH:  5    Dex: 11    Spells: 10/10 levels left

rFire   . . .        Y - +2 war axe
rCold   . . .        c - +0 buckler
rNeg    + . .        v - +14 plate armour of Hangman {Str+6 Dex+2}
rPois   inf          m - +0 helmet {Int+3}
rElec   +            k - +0 cloak
rCorr   .            (no gloves)
SInv    .            r - +0 pair of boots
Will    .....        a - amulet of regeneration Stlth
                     t - +4 ring of slaying {mikee}
HPRegen 1.12/turn    (no ring)
MPRegen 0.12/turn

%: no passive effects
@: about to teleport
A: sickness immunity, AC +8, negative energy resistance 1, electricity
resistance, torment resistance 1, petrification resistance
a: no special abilities


You were on level 10 of the Dungeon.
You visited 2 branches of the dungeon, and saw 11 of its levels.
You also visited: Ossuary.

You collected 569 gold pieces.


Innate Abilities, Weirdness & Mutations

You are immune to sickness and miasma.
Your stone body is resilient. (AC +8)
You are immune to poison.
You resist negative energy. (rN+)
You are resistant to electric shocks. (rElec)
You are resistant to unholy torment.
You are immune to petrification.


   Skills:
 + Level 9.6 Fighting
 - Level 12.0 Axes
 - Level 1.0 Throwing
 - Level 9.0 Armour
 - Level 2.0 Dodging
 - Level 6.1 Shields


You had 10 spell levels left.
You didn't know any spells.
Your spell library was empty.

Inventory:

Hand Weapons
 f - a +1 morningstar of holy wrath
 w - a +3 morningstar
 Y - a +2 war axe (weapon)
Missiles
 o - a boomerang (quivered)
Armour
 c - a +0 buckler (worn)
 k - a +0 cloak (worn)
 m - a +0 helmet of intelligence (worn)
 r - a +0 pair of boots (worn)
 v - the +14 plate armour of Hangman (worn) {Str+6 Dex+2}
   (You found it on level 9 of the Dungeon)

   Str:       It affects your strength (+6).
   Dex:       It affects your dexterity (+2).
Jewellery
 a - an amulet of regeneration (around neck)
 t - a +4 ring of slaying (left hand) {mikee}
Scrolls
 h - a scroll of identify
Potions
 d - 2 potions of might
 e - 5 potions of curing
 g - 5 potions of mutation
 i - a potion of lignification
 j - 2 potions of enlightenment
 l - 2 potions of cancellation
 n - 2 potions of heal wounds
 p - a potion of haste
 q - 2 potions of attraction
 s - a potion of magic
 u - a potion of resistance

Dungeon Overview and Level Annotations

Branches:
Dungeon (10/15)            Temple (1/1) D:6            Lair (0/5) D:8
Ossuary (visited)
    Orc: D:9-12

Altars:
Ashenzari
Cheibriados
Dithmenos
Elyvilon
Fedhas
Gozag
Hepliaklqana
Kikubaaqudgha
Makhleb
Nemelex Xobeh
Okawaru
Qazlal
Ru
Sif Muna
Trog
Uskayaw
Vehumet
Wu Jian
Xom
Yredelemnul
Zin
The Shining One

Shops:
D:9 *

Annotations:
D:10 Snorg


Message History

You throw a boomerang. The boomerang barely misses Snorg.
You throw a boomerang. The boomerang barely misses Snorg.
You slice Snorg!!
Snorg is moderately wounded.
You block Snorg's attack. Snorg closely misses you.
Snorg claws you but does no damage.
You slash Snorg!
Snorg is heavily wounded.
Snorg goes berserk!
You barely miss Snorg.
Snorg is heavily wounded.
Snorg bites you but does no damage. Snorg claws you but does no damage. x2
You block Snorg's attack. Snorg claws you! You block Snorg's attack.
You slice Snorg!!
Snorg is severely wounded.
Snorg bites you but does no damage. Snorg claws you but does no damage. x2
You hit Snorg.
Snorg is severely wounded.
Snorg barely misses you. Snorg claws you! Snorg claws you but does no damage.
You slash Snorg!
Snorg is severely wounded.
Snorg bites you but does no damage. Snorg claws you but does no damage.
Snorg barely misses you. You block Snorg's attack.
Snorg claws you but does no damage. Snorg barely misses you.
You slash Snorg!
Snorg is severely wounded.
Snorg bites you but does no damage. Snorg claws you.
Snorg claws you but does no damage.
You closely miss Snorg.
Snorg is severely wounded.
Snorg bites you. Snorg claws you. Snorg claws you!
You hit Snorg.
Snorg is severely wounded.
Snorg bites you but does no damage. You block Snorg's attack. x2
Snorg bites you! Snorg claws you but does no damage. Snorg claws you!
9573 ||| READING scroll of teleportation.
As you read the scroll of teleportation, it crumbles to dust.
You feel strangely unstable. Snorg barely misses you. Snorg claws you!
You die...

.~#~~~~#~~~ #.>...#
.~~~~#~~~~. #.....#
....~~~~#~. #.....#
#.....~~~. #.....#
#......... #.....#
#......... #../..+
#...>..... #.T...#
######'### #@# ##.# #.#
#..# ######.### #.##
#(.......# #.#
#........#### ###'####
#...........####.......
#........##....'.......
#........#######.......
#........# #.......


You could see Snorg (berserk).

Vanquished Creatures
  A hydra (D:9)
  A catoblepas (D:9)
  Erica (D:9)
  Maggie (D:10)
  3 trolls
  A hornet (D:8)
  A slime creature (D:9)
  A spriggan (D:8)
  2 wyverns (D:9)
  13 yaks
  3 steam dragons
  An acid dragon (D:10)
  A water moccasin (D:6)
  5 orc warriors
  A sky beast (D:7)
  2 ice beasts (D:6)
  6 ogres
  3 centaurs
  3 kobold brigands
  3 bullfrogs
  3 scorpions
  13 wights
  An electric eel (D:10)
  12 howler monkeys
  4 centaur zombies (Ossuary)
  A lava snake (D:10)
  5 hounds
  2 jellies
  2 gnoll boudas (D:8)
  An orc priest (D:7)
  A sleepcap (D:5)
  Jessica (D:2)
  3 iguanas
  8 orc wizards
  5 mummies
  5 adders
  11 gnolls
  A shadow imp (D:6)
  2 white imps (D:8)
  An ufetubus (D:5)
  6 dart slugs
  23 orcs
  8 ball pythons
  4 endoplasms
  2 giant cockroaches
  A gnoll zombie (Ossuary)
  5 goblins
  7 hobgoblins
  2 jackals (D:4)
  3 quokkas
  4 bats
  A frilled lizard (D:2)
  3 goblin zombies
  33 kobolds
  2 kobold zombies (Ossuary)
  4 rats (D:1)
243 creatures vanquished.

Notes
Turn   | Place    | Note
-------+----------+-------------------------------------------
     0 | D:1      | qw the Gargoyle Fighter began the quest for the Orb.
     0 | D:1      | Reached XP level 1. HP: 14/14 MP: 1/1
     0 | D:1      | 0 ||| qw: Version: 0.3-a-9-g12657ce
     0 | D:1      | 0 ||| qw: Game counter: 1482
     0 | D:1      | 0 ||| qw: Always use a shield: true
     0 | D:1      | 0 ||| qw: God list: Okawaru
     0 | D:1      | 0 ||| qw: Allow faded altars: false
     0 | D:1      | 0 ||| qw: Do Orc after D:15 true
     0 | D:1      | 0 ||| qw: Do second Lair branch before Depths: true
     0 | D:1      | 0 ||| qw: Lair rune preference: random
     0 | D:1      | 0 ||| qw: Plans: Normal, Zot:1-4, Slime:5, God:TSO, Crypt,
                  | Tomb, Abyss, Pan, Hells, Win
     0 | D:1      | 0 ||| PLANNING D:1-11
   119 | D:1      | Reached skill level 2 in Axes
   178 | D:1      | 178 ||| FLEEEEING.
   179 | D:1      | 179 ||| FLEEEEING.
   180 | D:1      | 180 ||| FLEEEEING.
   181 | D:1      | 181 ||| FLEEEEING.
   194 | D:1      | 194 ||| Stepping ~*~*~tactically~*~*~ (hiding).
   197 | D:1      | 197 ||| Stepping ~*~*~tactically~*~*~ (hiding).
   198 | D:1      | 198 ||| Stepping ~*~*~tactically~*~*~ (hiding).
   210 | D:1      | Reached XP level 2. HP: 19/19 MP: 2/2
   279 | D:1      | 279 ||| DROPPING +0 club.
   558 | D:1      | Reached skill level 3 in Axes
   637 | D:1      | Reached XP level 3. HP: 23/23 MP: 3/3
   794 | D:1      | Found a faded altar of an unknown god.
   872 | D:1      | 872 ||| DROPPING orb of light.
   873 | D:1      | 873 ||| UPGRADING to +0 cloak.
   878 | D:1      | 878 ||| UPGRADING to +0 helmet of intelligence.
   883 | D:1      | 883 ||| DROPPING ring of wizardry.
   884 | D:1      | 884 ||| READING scroll labelled FUFUCU FODGHE OZYMI.
  1165 | D:2      | 1165 ||| Stepping ~*~*~tactically~*~*~ (hiding).
  1580 | D:2      | Noticed Jessica
  1581 | D:2      | 1581 ||| Stepping ~*~*~tactically~*~*~ (hiding).
  1583 | D:2      | 1583 ||| Stepping ~*~*~tactically~*~*~ (hiding).
  1585 | D:2      | 1585 ||| Stepping ~*~*~tactically~*~*~ (hiding).
  1596 | D:2      | Killed Jessica
  1597 | D:2      | Reached skill level 4 in Axes
  1597 | D:2      | Reached XP level 4. HP: 25/28 MP: 4/4
  1998 | D:2      | 1998 ||| UPGRADING to amulet of regeneration.
  2003 | D:2      | 2003 ||| READING 2 scrolls labelled CEUNEV UNEIKHLE.
  2004 | D:2      | 2004 ||| READING scroll labelled WUUHINI WOX.
  2005 | D:2      | 2005 ||| DRINKING 2 puce potions.
  2006 | D:2      | 2006 ||| DROPPING scroll of noise.
  2260 | D:3      | Found a glowing golden altar of the Shining One.
  2261 | D:3      | Found a shadowy altar of Dithmenos.
  2261 | D:3      | Found a sacrificial altar of Ru.
  2262 | D:3      | 2262 ||| Stepping ~*~*~tactically~*~*~ (stealth).
  2281 | D:3      | Found a broken altar of Ashenzari.
  2281 | D:3      | Found a basalt altar of Yredelemnul.
  2298 | D:3      | 2298 ||| Stepping ~*~*~tactically~*~*~ (hiding).
  2855 | D:3      | Found a hide-covered altar of Uskayaw.
  2916 | D:3      | 2916 ||| UPGRADING to +0 pair of boots.
  2921 | D:3      | 2921 ||| READING scroll labelled CECAUXZE NICHE.
  2924 | D:3      | 2924 ||| READING scroll labelled CAFULI VIOBB.
  2925 | D:3      | 2925 ||| READING scroll labelled RIANUMM SAMP.
  2926 | D:3      | 2926 ||| DRINKING 2 golden potions.
  2927 | D:3      | 2927 ||| DROPPING potion of brilliance.
  2983 | D:4      | 2983 ||| DROPPING +0 whip.
  2990 | D:4      | Reached XP level 5. HP: 31/32 MP: 5/5
  3183 | D:4      | 3183 ||| Stepping ~*~*~tactically~*~*~ (hiding).
  3184 | D:4      | 3184 ||| Stepping ~*~*~tactically~*~*~ (hiding).
  3411 | D:4      | 3411 ||| UPGRADING to +3 ring mail.
  3421 | D:4      | 3421 ||| DROPPING +0 scale mail.
  3422 | D:4      | 3422 ||| READING 2 scrolls labelled TER FEDEDOCOISTRE.
  3423 | D:4      | 3423 ||| READING 3 scrolls labelled XUKHLI TEONLIV.
  3429 | D:4      | 3429 ||| DROPPING 2 scrolls of torment.
  3443 | D:5      | Entered Level 5 of the Dungeon
  3444 | D:5      | 3444 ||| PLANNING OSSUARY
  3464 | D:5      | Reached skill level 5 in Axes
  3477 | D:5      | Reached XP level 6. HP: 37/37 MP: 6/6
  3503 | D:5      | 3503 ||| Stepping ~*~*~tactically~*~*~ (hiding).
  3504 | D:5      | 3504 ||| Stepping ~*~*~tactically~*~*~ (hiding).
  3622 | D:5      | HP: 4/37 [ogre/+0 giant spiked club (9)]
  3683 | D:5      | Reached XP level 7. HP: 29/43 MP: 7/7
  3693 | D:5      | Reached skill level 6 in Axes
  3731 | D:5      | 3731 ||| Stepping ~*~*~tactically~*~*~ (hiding).
  3843 | D:5      | 3843 ||| Stepping ~*~*~tactically~*~*~ (stealth).
  3872 | D:5      | Found a sand-covered staircase.
  3873 | D:5      | 3873 ||| UPGRADING to +4 ring of slaying {mikee}.
  3874 | D:5      | 3874 ||| DRINKING 3 emerald potions.
  3883 | Ossuary  | Entered an ossuary
  3949 | Ossuary  | 3949 ||| FLEEEEING.
  3950 | Ossuary  | 3950 ||| FLEEEEING.
  3951 | Ossuary  | 3951 ||| FLEEEEING.
  3952 | Ossuary  | 3952 ||| FLEEEEING.
  3953 | Ossuary  | 3953 ||| FLEEEEING.
  3954 | Ossuary  | 3954 ||| FLEEEEING.
  3955 | Ossuary  | 3955 ||| FLEEEEING.
  3956 | Ossuary  | 3956 ||| FLEEEEING.
  3957 | Ossuary  | 3957 ||| FLEEEEING.
  3958 | Ossuary  | 3958 ||| FLEEEEING.
  3959 | Ossuary  | 3959 ||| FLEEEEING.
  4028 | Ossuary  | 4028 ||| Stepping ~*~*~tactically~*~*~ (stealth).
  4030 | Ossuary  | 4030 ||| Stepping ~*~*~tactically~*~*~ (stealth).
  4042 | Ossuary  | Reached skill level 7 in Axes
  4136 | Ossuary  | 4136 ||| READING scroll labelled YNLECH URAPTE.
  4137 | Ossuary  | 4137 ||| READING scroll labelled DUMUIZ ROEGIABB.
  4138 | Ossuary  | 4138 ||| READING scroll labelled BOXUMO DOBBAE.
  4139 | Ossuary  | 4139 ||| DRINKING 2 murky yellow potions.
  4140 | Ossuary  | 4140 ||| DRINKING 2 glowing emerald potions.
  4141 | Ossuary  | 4141 ||| DRINKING 2 sedimented white potions.
  4142 | Ossuary  | 4142 ||| READING 3 scrolls of identify.
  4142 | Ossuary  | 4142 ||| IDENTIFYING ruby potion
  4143 | Ossuary  | 4143 ||| READING 2 scrolls of identify.
  4143 | Ossuary  | 4143 ||| IDENTIFYING orange potion
  4159 | D:5      | 4159 ||| PLANNING D:1-11
  4186 | D:5      | Reached XP level 8. HP: 49/49 MP: 8/8
  4263 | D:5      | 4263 ||| READING scroll of enchant weapon.
  4263 | D:5      | 4263 ||| ENCHANTING +1 war axe.
  4561 | D:5      | 4561 ||| READING scroll labelled NUSEFI NYPAOL.
  4703 | D:6      | 4703 ||| Stepping ~*~*~tactically~*~*~ (hiding).
  4716 | D:6      | 4716 ||| Stepping ~*~*~tactically~*~*~ (stealth).
  4726 | D:6      | 4726 ||| Stepping ~*~*~tactically~*~*~ (hiding).
  4733 | D:6      | Reached skill level 1 in Throwing
  4860 | D:6      | Found a staircase to the Ecumenical Temple.
  4861 | D:6      | 4861 ||| PLANNING TEMPLE
  4893 | Temple   | Entered the Ecumenical Temple
  5073 | Temple   | 5073 ||| PLANNING D:1-11
  5225 | D:6      | 5225 ||| Stepping ~*~*~tactically~*~*~ (stealth).
  5230 | D:6      | 5230 ||| Stepping ~*~*~tactically~*~*~ (hiding).
  5261 | D:6      | Reached skill level 8 in Axes
  5492 | D:6      | Found a bloodstained altar of Trog.
  5588 | D:6      | Reached skill level 6 in Fighting
  5592 | D:6      | 5592 ||| Stepping ~*~*~tactically~*~*~ (stealth).
  5593 | D:6      | 5593 ||| Stepping ~*~*~tactically~*~*~ (stealth).
  5760 | D:6      | 5760 ||| Stepping ~*~*~tactically~*~*~ (stealth).
  5846 | D:6      | Reached skill level 9 in Axes
  5846 | D:6      | Reached XP level 9. HP: 55/55 MP: 9/9
  5929 | D:6      | 5929 ||| UPGRADING to +0 chain mail.
  5939 | D:6      | 5939 ||| DROPPING +3 ring mail.
  5940 | D:6      | 5940 ||| READING 2 scrolls of identify.
  5940 | D:6      | 5940 ||| IDENTIFYING metallic white potion
  5941 | D:6      | 5941 ||| DROPPING potion of ambrosia.
  6356 | D:7      | Found a flagged portal.
  6686 | D:7      | 6686 ||| Stepping ~*~*~tactically~*~*~ (hiding).
  6689 | D:7      | 6689 ||| DRINKING 4 potions of curing.
  6689 | D:7      | 6689 ||| (to cure confusion)
  6737 | D:7      | 6737 ||| Stepping ~*~*~tactically~*~*~ (hiding).
  7064 | D:7      | 7064 ||| UPGRADING to +0 plate armour.
  7074 | D:7      | 7074 ||| DROPPING +0 chain mail.
  7075 | D:7      | 7075 ||| READING scroll labelled BEV WOUVVYHA.
  7295 | D:8      | Found a glowing silver altar of Zin.
  7296 | D:8      | Found a hazy altar of Hepliaklqana.
  7297 | D:8      | Found a shimmering altar of Xom.
  7308 | D:8      | Found an iron altar of Okawaru.
  7341 | D:8      | 7341 ||| Stepping ~*~*~tactically~*~*~ (stealth).
  7469 | D:8      | Reached skill level 6 in Armour
  7627 | D:8      | Found a staircase to the Lair.
  7634 | D:8      | Noticed a hornet
  7644 | D:8      | Killed a hornet
  7928 | D:8      | Reached skill level 10 in Axes
  7933 | D:8      | Reached XP level 10. HP: 63/63 MP: 10/10
  7964 | D:8      | 7964 ||| DROPPING +2 hat.
  7965 | D:8      | 7965 ||| DROPPING +2 hat.
  8150 | D:9      | 8150 ||| Stepping ~*~*~tactically~*~*~ (stealth).
  8307 | D:9      | Identified the +14 plate armour of Hangman {Str+6 Dex+2}
  8315 | D:9      | Found Gozag's Platinum Reserve.
  8315 | D:9      | Found an opulent altar of Gozag.
  8317 | D:9      | 8317 ||| Stepping ~*~*~tactically~*~*~ (hiding).
  8391 | D:9      | Reached skill level 11 in Axes
  8401 | D:9      | 8401 ||| FLEEEEING.
  8402 | D:9      | 8402 ||| FLEEEEING.
  8403 | D:9      | 8403 ||| FLEEEEING.
  8407 | D:9      | 8407 ||| FLEEEEING.
  8408 | D:9      | 8408 ||| FLEEEEING.
  8409 | D:9      | 8409 ||| FLEEEEING.
  8410 | D:9      | 8410 ||| FLEEEEING.
  8411 | D:9      | 8411 ||| FLEEEEING.
  8412 | D:9      | 8412 ||| FLEEEEING.
  8413 | D:9      | 8413 ||| FLEEEEING.
  8414 | D:9      | 8414 ||| FLEEEEING.
  8415 | D:9      | 8415 ||| FLEEEEING.
  8416 | D:9      | 8416 ||| FLEEEEING.
  8417 | D:9      | 8417 ||| FLEEEEING.
  8418 | D:9      | 8418 ||| FLEEEEING.
  8420 | D:9      | 8420 ||| FLEEEEING.
  8421 | D:9      | 8421 ||| FLEEEEING.
  8422 | D:9      | 8422 ||| FLEEEEING.
  8423 | D:9      | 8423 ||| FLEEEEING.
  8424 | D:9      | 8424 ||| FLEEEEING.
  8425 | D:9      | 8425 ||| FLEEEEING.
  8426 | D:9      | 8426 ||| FLEEEEING.
  8427 | D:9      | 8427 ||| FLEEEEING.
  8428 | D:9      | 8428 ||| FLEEEEING.
  8429 | D:9      | 8429 ||| FLEEEEING.
  8430 | D:9      | 8430 ||| FLEEEEING.
  8431 | D:9      | 8431 ||| FLEEEEING.
  8432 | D:9      | 8432 ||| FLEEEEING.
  8433 | D:9      | 8433 ||| FLEEEEING.
  8435 | D:9      | 8435 ||| FLEEEEING.
  8512 | D:9      | 8512 ||| Stepping ~*~*~tactically~*~*~ (hiding).
  8600 | D:9      | 8600 ||| Stepping ~*~*~tactically~*~*~ (hiding).
  8715 | D:9      | Reached skill level 9 in Fighting
  8723 | D:9      | Reached XP level 11. HP: 69/71 MP: 11/11
  8825 | D:9      | Noticed a four-headed hydra
  8830 | D:9      | 8830 ||| SWAPPING to +1 morningstar of holy wrath.
  8834 | D:9      | Killed a four-headed hydra
  8835 | D:9      | 8835 ||| SWAPPING to +2 war axe.
  8850 | D:9      | Noticed a catoblepas
  8851 | D:9      | 8851 ||| Stepping ~*~*~tactically~*~*~ (stealth).
  8867 | D:9      | 8867 ||| SHOPLISTING +7 mace "Killer Klown's Peril" {speed,
                  | Contam rF++} (6290 gold, have 502).
  8878 | D:9      | Killed a catoblepas
  8913 | D:9      | Identified the +0 leather armour of Dithmenos's Pride {Harm
                  | rN+ Int-2}
  9019 | D:9      | 9019 ||| Stepping ~*~*~tactically~*~*~ (hiding).
  9023 | D:9      | Reached skill level 12 in Axes
  9130 | D:9      | 9130 ||| UPGRADING to +14 plate armour of Hangman {Str+6
                  | Dex+2}.
  9140 | D:9      | 9140 ||| DROPPING +0 plate armour.
  9141 | D:9      | 9141 ||| DRINKING 2 bubbling inky potions.
  9165 | D:9      | 9165 ||| DRINKING 2 grey potions.
  9166 | D:9      | 9166 ||| READING 2 scrolls of identify.
  9166 | D:9      | 9166 ||| IDENTIFYING glowing amethyst potion
  9167 | D:9      | 9167 ||| DROPPING potion of invisibility.
  9190 | D:10     | Entered Level 10 of the Dungeon
  9190 | D:10     | Noticed Erica
  9196 | D:10     | 9196 ||| STAIRDANCE
  9203 | D:9      | Killed Erica
  9226 | D:10     | Reached skill level 6 in Shields
  9228 | D:10     | 9228 ||| Stepping ~*~*~tactically~*~*~ (cloud).
  9274 | D:10     | 9274 ||| FLEEEEING.
  9275 | D:10     | 9275 ||| FLEEEEING.
  9276 | D:10     | 9276 ||| FLEEEEING.
  9277 | D:10     | 9277 ||| FLEEEEING.
  9278 | D:10     | 9278 ||| FLEEEEING.
  9279 | D:10     | 9279 ||| FLEEEEING.
  9280 | D:10     | 9280 ||| FLEEEEING.
  9281 | D:10     | 9281 ||| FLEEEEING.
  9282 | D:10     | 9282 ||| FLEEEEING.
  9283 | D:10     | 9283 ||| FLEEEEING.
  9284 | D:10     | 9284 ||| FLEEEEING.
  9285 | D:10     | 9285 ||| FLEEEEING.
  9286 | D:10     | 9286 ||| FLEEEEING.
  9287 | D:10     | 9287 ||| FLEEEEING.
  9288 | D:10     | 9288 ||| FLEEEEING.
  9369 | D:10     | Noticed Maggie
  9379 | D:10     | Killed Maggie
  9394 | D:10     | 9394 ||| Stepping ~*~*~tactically~*~*~ (stealth).
  9398 | D:10     | Reached skill level 9 in Armour
  9431 | D:10     | 9431 ||| FLEEEEING.
  9432 | D:10     | 9432 ||| FLEEEEING.
  9433 | D:10     | 9433 ||| FLEEEEING.
  9515 | D:10     | 9515 ||| DROPPING +2 morningstar.
  9559 | D:10     | Noticed Snorg
  9572 | D:10     | HP: 5/72 [Snorg (16)]
  9573 | D:10     | 9573 ||| READING scroll of teleportation.
  9573 | D:10     | Slain by Snorg

Levels and vault maps discovered:
D:1:      dpeg_arrival_rooms_b, layout_basic,
          dilly_ecumenical_altar_fadedgnrine, feat_on_display
D:2:      layout_basic, nrook_mini_vaults, uniq_jessica
D:3:      layout_basic, grunt_temple_overflow_open,
          nicolae_uskayaw_murder_on_the_dancefloor
D:4:      layout_basic
D:5:      layout_basic, nicolae_ossuary_entry_giza,
          eino_small_chamber_without_monster, hangedman_minor_gate_pass
D:6:      kennysheep_kobold_camp, layout_loops_corners, bloody_trog,
          minmay_temple_entry_slanted, chequers_decorated_corner, minmay_bent
D:7:      layout_layer_cave, enter_bailey_2, chequers_serial_rivers_micro_d
D:8:      layout_basic, nicolae_overflow_quartered_altars, lair_entry_dummy,
          the_hattery
D:9:      layout_stronghold, nicolae_gozag_zags_fifth_avenue,
          minmay_pinched_square
D:10:     layout_roguey, serial_shops, nicolae_shop_hallway_stairs,
          nicolae_lava_and_water, minmay_misc_feat_alley, minivault_16,
          uniq_erica, uniq_snorg, uniq_maggie
Temple:   jpeg_temple_alley_garden

Skill      XL: |  1  2  3  4  5  6  7  8  9 10 11 |
---------------+----------------------------------+-----
Axes           | 2 3 4 5 7 9 10 11 12 | 12.0
Dodging        | 2 |  2.0
Fighting       | 4 5 6 7 9 |  9.6
Throwing       | 1 |  1.0
Armour         | 6 8 9 |  9.0
Shields        | 4 5 6 |  6.1

Action                     |  1- 3 |  4- 6 |  7- 9 | 10-12 || total
---------------------------+-------+-------+-------+-------++-------
  Melee: War axe           |    88 |   126 |   239 |   211 ||   664
         Morningstar       |       |       |       |     4 ||     4
  Throw: Boomerang         |       |     5 |    78 |    81 ||   164
    Use: Scroll            |     1 |     7 |     9 |     2 ||    19
         Potion            |       |     2 |     5 |     2 ||     9
 Armour: Scale mail        |    40 |    41 |       |       ||    81
         Ring mail         |       |    22 |    75 |       ||    97
         Plate armour      |       |       |    44 |   143 ||   187
         Chain mail        |       |       |    22 |       ||    22
  Dodge: Dodged            |    31 |    83 |    94 |    70 ||   278
  Block: Buckler           |    18 |    20 |    54 |    47 ||   139

Table legend:
 A = Non-vault XP
 B = Vault XP
 C = Vault XP percentage of total XP
 D = Non-vault monster count
 E = Vault monster count
 F = Vault count percentage of total count
                 A         B        C        D         E       F
            +---------+---------+-------+---------+---------+-------
      Total |    8640 |    6099 |  41.4 |     174 |      69 |  28.4
            +---------+---------+-------+---------+---------+-------
        D:1 |      34 |       0 |   0.0 |      19 |       0 |   0.0
        D:2 |      32 |      37 |  53.6 |      13 |       1 |   7.1
        D:3 |      34 |       0 |   0.0 |      13 |       0 |   0.0
        D:4 |      89 |       0 |   0.0 |      15 |       0 |   0.0
        D:5 |     564 |     215 |  27.6 |      14 |      11 |  44.0
        D:6 |     594 |     588 |  49.7 |      11 |      27 |  71.1
        D:7 |    1141 |       0 |   0.0 |      16 |       0 |   0.0
        D:8 |    1172 |     220 |  15.8 |      22 |       1 |   4.3
        D:9 |    2945 |    4390 |  59.9 |      37 |      16 |  30.2
       D:10 |    2035 |     389 |  16.0 |      14 |       1 |   6.7
    Ossuary |       0 |     260 | 100.0 |       0 |      12 | 100.0
            +---------+---------+-------+---------+---------+-------
